 Dungeon Crawl Stone Soup version 0.28.0-45-g0d030f2227 (webtiles) character file.

Game seed: 10417991294208144927

2553 seaoflcl the Covered (level 9, -2/56 HPs)
             Began as a Tengu Fighter on Apr 24, 2022.
             Was a Follower of the Shining One.
             Slain by an orc warrior
             ... wielding a +0 war axe
              (7 damage)
             ... in a bailey.
             The game lasted 00:10:33 (7072 turns).

seaoflcl the Covered (Tengu Fighter)                Turns: 7072, Time: 00:10:33

Health: -2/56      AC: 11    Str: 20    XL:     9   Next: 56%
Magic:  7/10       EV: 11    Int:  8    God:    the Shining One [*.....]
Gold:   379        SH: 12    Dex: 15    Spells: 8/8 levels left

rFire   . . .      SeeInvis .   w - +2 long sword (vorpal)
rCold   . . .      Faith    .   c - +0 buckler
rNeg    . . .      Spirit   .   r - +0 chain mail
rPois   .          Reflect  .   (helmet restricted)
rElec   .          Harm     .   p - +0 cloak
rCorr   .          Rampage  .   (no gloves)
Will    +....                   (boots unavailable)
Stlth   ..........              (no amulet)
HPRegen 0.18/turn               i - ring of willpower
MPRegen 0.12/turn               (no ring)

@: divinely shielded, flying quickly and evasively, hasted, glowing, very quick
A: beak, talons 3, nimble flight
a: Renounce Religion, Divine Shield


You were in a bailey.
You worshipped the Shining One.
The Shining One was aware of your devotion.
You visited 1 branch of the dungeon, and saw 7 of its levels.
You also visited: Bailey.

You collected 379 gold pieces.

Inventory:

Hand Weapons
 a - a +0 long sword
 m - the +2 whip "Haussair" {spect, Fragile Str+8}
   (You found it on level 4 of the Dungeon)

   When its wielder attacks, the weapon's spirit leaps out and strikes again.
   The spirit shares a part of any damage it takes with its wielder.
   Str:       It affects your strength (+8).
   Fragile:   It will be destroyed if unequipped.
 s - a +1 mace of protection
 t - a +4 dagger
 w - a +2 vorpal long sword (weapon)
Missiles
 j - 29 sling bullets
Armour
 b - a +0 scale mail
 c - a +0 buckler (worn)
 p - a +0 cloak (worn)
 r - a +0 chain mail (worn)
 J - a +0 troll leather armour
Jewellery
 i - a ring of willpower (left hand)
Wands
 q - a wand of acid (5)
 A - a wand of digging (6)
 C - a wand of iceblast (14)
Scrolls
 g - a scroll of fear
 o - 4 scrolls of teleportation
 u - a scroll of summoning
 v - 3 scrolls of amnesia
 y - a scroll of noise {unknown}
 F - a scroll of acquirement {unknown}
 G - a scroll of brand weapon
 I - a scroll of enchant armour {unknown}
Potions
 f - a potion of flight {unknown}
 h - 2 potions of attraction
 k - 2 potions of magic {unknown}
 l - 2 potions of resistance {unknown}
 x - a potion of cancellation {unknown}
 z - a potion of invisibility {unknown}
 B - a potion of degeneration {unknown}
 D - a potion of haste
 E - a potion of lignification {unknown}
 H - a potion of heal wounds {unknown}


   Skills:
 + Level 6.4 Fighting
 - Level 0.1(4.0) Short Blades
 + Level 6.5 Long Blades
 + Level 6.9 Armour
 + Level 6.0 Dodging
 + Level 6.4 Shields


You had 8 spell levels left.
You didn't know any spells.
Your spell library contained the following spells:

 Spells                   Type           Power      Damage    Failure   Level
 Ensorcelled Hibernation  Hex/Ice        0%         N/A       100%        2
 Passwall                 Tmut/Erth      0%         N/A       100%        2
 Summon Guardian Golem    Hex/Summ       0%         N/A       100%        3
 Swiftness                Air            0%         N/A       100%        3
 Tukima's Dance           Hex            0%         N/A       100%        3
 Anguish                  Hex/Necr       0%         N/A       100%        4
 Freezing Cloud           Conj/Ice/Air   0%         6-21      100%        5
 Simulacrum               Ice/Necr       0%         N/A       100%        6
 Enfeeble                 Hex            0%         N/A       100%        7
 Orb of Destruction       Conj           0%         9d5       100%        7
 Spellforged Servitor     Conj/Summ      0%         N/A       100%        7
 Polar Vortex             Ice            0%         N/A       100%        9


Dungeon Overview and Level Annotations

Branches:
Dungeon (7/15)             Temple (0/1) D:5          Bailey (1/1)

Altars:
The Shining One

Shops:
D:2 (   D:5 !   D:7 *


Innate Abilities, Weirdness & Mutations

You have a beak for a mouth.
You have claws for feet.
Your magical nature lets you fly swiftly and evasively.


Message History

The orc warrior is severely wounded.
The orc warrior hits you with a +0 war axe!
You block the orc warrior's attack.
You closely miss the orc warrior. You claw the orc warrior.
The orc warrior is almost dead.
The orc warrior hits you with a +0 war axe!
The orc warrior hits you with a +0 broad axe.
You hit the orc warrior but do no damage.
You claw the orc warrior, but do no damage.
The orc warrior is almost dead.
The orc warrior splashes around in the water.
The orc warrior hits you but does no damage.
The orc warrior hits you with a +0 war axe!
Things that are here:
a +0 hand axe; a +0 leather armour; an orc corpse
There is an open door here.
You hit the orc warrior.
You kill the orc warrior!
Your Dodging skill increases to level 6!
The orc warrior hits you with a +0 war axe!
* * * LOW HITPOINT WARNING * * *
There is an open door, spattered with blood here.
Things that are here:
a +0 broad axe; a +0 scale mail; an orc corpse You slash the orc warrior!
You claw the orc warrior, but do no damage.
The orc warrior is heavily wounded.
The orc warrior hits you with a +0 war axe!
* * * LOW HITPOINT WARNING * * *
The hobgoblin splashes around in the water.
The orc warrior closely misses you.
Your shield is strengthened by the Shining One's divine power.
It was a potion of haste.
You feel yourself speed up. You block the hobgoblin's attack.
You hit the orc warrior but do no damage.
You claw the orc warrior, but do no damage.
The orc warrior is heavily wounded.
You block the hobgoblin's attack.
The orc warrior hits you with a +0 war axe!
You die...

..#.....'......♣
..#....()(..∩.∩♣
..#....()((....♣
.8##....#(....♣♣
.!≈#...(##....♣
.|≈#.....##...♣ ..#
≈≈##......##≈≈♣
.....#########........#≈≈♣
.....'...).)gg@.8..8..#≈≈♣
.....#≈≈≈≈≈#.o........#≈≈♣
.8. #≈≈≈≈≈#.........##≈≈♣
. #≈≈≈≈≈##...8...##
#.......##.....##
#.........##...##
♣♣♣.....♣♣♣##### ♣♣♣∩♣♣♣


You could see an orc warrior, a hobgoblin and a goblin.

Vanquished Creatures
  Harold (D:7)
  A troll (D:6)
  Menkaure (D:7)
  A water moccasin (D:5)
  A black bear (D:4)
  2 ice beasts (D:5)
  An orc warrior (Bailey)
  A necrophage (D:5)
  A centaur (D:4)
  A water moccasin skeleton (D:4)
  A howler monkey (D:6)
  2 bullfrog zombies (D:5)
  A centaur zombie (D:5)
  3 hounds
  An orc priest (D:7)
  A gnoll shaman (D:7)
  A centaur skeleton (D:2)
  2 iguanas
  12 orc wizards
  6 gnolls
  8 adders
  A shadow imp (D:6)
  2 white imps
  An ufetubus (D:4)
  2 worms (D:2)
  2 dart slugs
  21 orcs
  7 bats
  An endoplasm (D:1)
  A giant cockroach (D:1)
  11 goblins
  11 hobgoblins
  3 jackals (D:4)
  4 quokkas
  8 ball pythons
  4 frilled lizards
  A goblin skeleton (D:3)
  A goblin zombie (D:3)
  4 hobgoblin zombies (D:3)
  21 kobolds
  An orc skeleton (D:3)
  A quokka skeleton (D:4)
  2 rats (D:1)
159 creatures vanquished.

Notes
Turn   | Place    | Note
-------+----------+-------------------------------------------
     0 | D:1      | seaoflcl the Tengu Fighter began the quest for the Orb.
     0 | D:1      | Reached XP level 1. HP: 14/14 MP: 2/2
    38 | D:1      | Reached XP level 2. HP: 11/19 MP: 3/3
   356 | D:1      | Reached skill level 1 in Dodging
   385 | D:1      | Reached XP level 3. HP: 21/23 MP: 4/4
   529 | D:1      | Found a faded altar of an unknown god.
   642 | D:2      | Reached XP level 4. HP: 18/28 MP: 5/5
  1594 | D:2      | Gained mutation: Your magical nature lets you fly swiftly
                  | and evasively. [Tengu growth]
  1594 | D:2      | Reached XP level 5. HP: 32/32 MP: 6/6
  1618 | D:2      | Found Goenoe's Weapon Shop.
  2676 | D:3      | Found a glowing golden altar of the Shining One.
  2692 | D:3      | Became a worshipper of the Shining One
  3031 | D:4      | Reached XP level 6. HP: 34/38 MP: 7/7
  3166 | D:4      | Identified the +2 whip "Haussair" {spect, Fragile Str+8}
  3864 | D:4      | Noticed a black bear
  3868 | D:4      | Killed a black bear
  3869 | D:4      | Reached XP level 7. HP: 44/44 MP: 8/8
  4130 | D:5      | Entered Level 5 of the Dungeon
  4172 | D:5      | Reached skill level 5 in Armour
  4300 | D:5      | Found a staircase to the Ecumenical Temple.
  4367 | D:5      | Reached * piety under the Shining One
  4509 | D:5      | Found Madiemot's Distillery.
  4599 | D:5      | Reached skill level 5 in Fighting
  4599 | D:5      | Reached skill level 5 in Shields
  4599 | D:5      | Reached XP level 8. HP: 49/49 MP: 9/9
  4841 | D:5      | Reached skill level 5 in Long Blades
  5643 | D:6      | Noticed a troll
  5652 | D:6      | Killed a troll
  5653 | D:6      | Reached skill level 5 in Dodging
  6275 | D:7      | Noticed Harold
  6283 | D:7      | HP: 1/51 [Harold/+0 glaive (13)]
  6286 | D:7      | Killed Harold
  6287 | D:7      | Reached XP level 9. HP: 7/55 MP: 10/10
  6444 | D:7      | Noticed Menkaure
  6455 | D:7      | Killed Menkaure
  6601 | D:7      | Noticed a cyan ugly thing
  6607 | D:7      | Found Bonuh's Assorted Antiques.
  6633 | D:7      | Found a flagged portal.
  6640 | D:7      | The Shining One protects you from harm!
  6641 | Bailey   | Entered a bailey
  6744 | Bailey   | Noticed an orc warlord
  7072 | Bailey   | Slain by an orc warrior

Illustrated notes

Levels and vault maps discovered:
D:1:      mushboom_english_gardens, layout_rooms,
          hellmonk_ecumenical_altar_leap_of_faith
D:2:      layout_rooms, serial_shops, shop, minmay_misc_feat_roman,
          item_on_display_a
D:3:      layout_loops_cross, nicolae_tso_besieged_by_evil,
          guppyfry_early_orc_mine
D:4:      layout_basic
D:5:      layout_loops_cross, minmay_temple_entry_slanted, serial_shops, shop,
          minmay_diced_spiral
D:6:      layout_rooms, kennysheep_generic_room_14
D:7:      layout_rooms, serial_shops, shop, enter_bailey_2,
          uniq_crazy_yiuf_cottage, uniq_menkaure, uniq_harold
Bailey:   bailey_axe_bossmonster_kennysheep, bailey

Skill      XL: |  1  2  3  4  5  6  7  8  9 |
---------------+----------------------------+-----
Dodging        | 1 2 3 4 5 6 |  6.0
Long Blades    | 3 4 6 |  6.5
Armour         | 4 5 6 |  6.9
Fighting       | 4 5 6 |  6.4
Shields        | 4 5 6 |  6.4
Short Blades   | |  0.1

Action                   |  1- 3 |  4- 6 |  7- 9 || total
-------------------------+-------+-------+-------++-------
Melee: Long sword        |    42 |   127 |   147 ||   316
       Kick              |     9 |    31 |    45 ||    85
       Peck              |     5 |    22 |    28 ||    55
       Dagger            |       |    22 |       ||    22
       Mace              |       |    11 |       ||    11
Invok: Divine Shield     |       |       |     1 ||     1
Evoke: Wand              |       |     3 |     8 ||    11
  Use: Scroll            |       |     3 |     5 ||     8
       Potion            |       |       |    11 ||    11
Armor: Scale mail        |    22 |    33 |       ||    55
       Chain mail        |       |    54 |    75 ||   129
Dodge: Dodged            |    26 |    76 |    97 ||   199
Block: Buckler           |    15 |    52 |    60 ||   127
